 Dungeon Crawl Stone Soup version 0.29.0-5-ge4962eb29e (webtiles) character file.

Game seed: 10212410989753848614

248 Woods the Magician (level 6, -1/43 HPs)
             Began as a Djinni Air Elementalist on Aug 29, 2022.
             Killed by nerve-wracking pain
             ... invoked by Grinder
              (5 damage)
             ... on level 4 of the Dungeon.
             The game lasted 00:08:01 (4816 turns).

Woods the Magician (Djinni Air Elementalist)        Turns: 4816, Time: 00:08:06

Health: -1/43      AC:  2    Str:  7    XL:     6   Next: 34%
Gold:   239        EV: 13    Int: 19    God:
                   SH:  0    Dex: 13

rFire   + + .      SeeInvis .   (no weapon)
rCold   x . .      Faith    .   (no shield)
rNeg    . . .      Spirit   .   a - +0 robe
rPois   ∞          Reflect  .   (no helmet)
rElec   .          Harm     .   (no cloak)
rCorr   .          Rampage  .   (no gloves)
Will    .....                   (boots unavailable)
Stlth   ++........              (no amulet)
HPRegen 0.14/turn               (no ring)
MPRegen 0.00/turn               (no ring)

@: swift (expiring), flying, very quick
A: sickness immunity, fire resistance 2, cold vulnerability 1, float, innate
caster, HP casting, extra vitality 1
a: no special abilities


You were on level 4 of the Dungeon.
You visited 1 branch of the dungeon, and saw 4 of its levels.

You collected 239 gold pieces.

Inventory:

Missiles
 j - a throwing net
Armour
 a - a +0 robe (worn)
 g - a +0 buckler
Jewellery
 h - a ring of ice
Wands
 k - a wand of acid (6)
 n - a wand of polymorph (7)
Scrolls
 c - a scroll of noise
 d - a scroll of poison
 f - 3 scrolls of identify
Potions
 b - 3 potions of curing {unknown}
 e - 4 potions of lignification {unknown}
 i - a potion of magic {unknown}
 m - a potion of haste {unknown}
 o - a potion of brilliance {unknown}


   Skills:
 + Level 2.1 Fighting
 + Level 3.6 Dodging
 + Level 2.8 Stealth
 * Level 3.7 Spellcasting


You couldn't memorise any spells.
You knew the following spells:

 Your Spells              Type           Power      Damage    Failure   Level
a - Shock                 Conj/Air       68%        1d7       3%          1
b - Static Discharge      Conj/Air       17%        3-6/arc   4%          2
c - Swiftness             Air            17%        N/A       10%         3
d - Airstrike             Air            8%         2d(2-18)  30%         4
e - Summon Small Mammal   Summ           68%        N/A       3%          1
f - Call Imp              Summ           17%        N/A       4%          2
Your spell library was empty.

Dungeon Overview and Level Annotations

Branches:
Dungeon (4/15)
 Temple: D:4-7

Altars:

Shops:
D:3 (

Annotations:
D:4 Dowan, Grinder


Innate Abilities, Weirdness & Mutations

You are immune to sickness and miasma.
You are immune to poison.
Your flesh is very heat resistant. (rF++)
You are vulnerable to cold. (rC-)
You float through the air rather than walking.
You learn spells naturally, not from books.
Your magical power is your life essence.
You have superior vitality. (+4 MHP)


Message History

Press: ? - help, Q - select action, (/) - cycle Shift-Dir - straight line, f/p - orc priest
Aim: an orc priest, wielding a +0 short sword and wearing a +0 leather armour (almost dead, 71% to hit)
The zap hits the orc priest!
You kill the orc priest!
Grinder comes into view.
Casting: Shock (safe; 3% risk of failure)
Confirm with . or Enter, or press ? or * to list all spells.
You feel quick.
Things that are here:
a +0 war axe; a +0 leather armour Grinder gestures at you.
You suddenly lose the ability to move!
Grinder hits you.
You writhe in agony.
You can move again.
Items here: )) [ †.
Grinder gestures at you. Pain shoots through your body!
* * * LOW HITPOINT WARNING * * *
Things that are here:
a +0 mace; a +0 leather armour; an orc corpse Dowan, Brother of Duvessa comes into view.
He is wielding a +0 dagger and wearing a +2 robe of positive energy.
You start to feel a little slower.
Dowan shouts!
You hear a shout!
An orc comes into view. It is wielding a +0 flail.
The air fills with toxic fumes!
As you read the scroll labelled DISUINU ZUOMO, it crumbles to dust.
It was a scroll of poison.
Dowan points at something and mumbles some strange words.
As you read the scroll labelled UDOUDU MOPE, it crumbles to dust.
It is a scroll of identify.
c - a scroll of noise Dowan gestures wildly while chanting.
Dowan blinks!
As you read the scroll labelled ATIMUOSS IKEID, it crumbles to dust.
Your body is wracked with pain!
* * * LOW HITPOINT WARNING * * *
The orc convulses!
Dowan convulses!
It was a scroll of torment.
Grinder gestures at you. Pain shoots through your body!
You die...

#.#.# #.#.# ## #.#.# .
#####.#.###.#
#########..†......#.##
#...)5.)..#..........
#5#######.##†..##.#.# #.#
#####§##§..##.#.### #.#
#§@§§§§§§§.........
#.###§###§##§§.##.##.##
#..5§§....###+###.##..
#...§§##§###.........##.#
#.##e..§§...[#.....####.##
# §§...§§.##........###...
.###.###..#.........#....
# #.# ..+.........'....
#.# .##......)..#)...


You could see Grinder and Dowan.

Vanquished Creatures
  An ogre (D:4)
  An orc priest (D:4)
  Ijyb (D:4)
  5 adders
  2 worms
  2 dart slugs
  5 orcs
  6 ball pythons
  6 endoplasms
  3 giant cockroaches
  3 hobgoblins
  3 jackals (D:2)
  2 quokkas
  6 bats
  3 frilled lizards
  3 goblins
  5 kobolds
  3 rats
60 creatures vanquished.

Notes
Turn   | Place    | Note
-------+----------+-------------------------------------------
     0 | D:1      | Woods the Djinni Air Elementalist began the quest for the
                  | Orb.
     0 | D:1      | Woods set off with the following spells memorised: Shock,
                  | Static Discharge, Swiftness, Airstrike.
     0 | D:1      | Reached XP level 1. HP: 15/15 MP: 0/0
   312 | D:1      | Found a faded altar of an unknown god.
   395 | D:1      | Reached XP level 2. HP: 20/21 MP: 0/0
  1162 | D:2      | Reached XP level 3. HP: 17/26 MP: 0/0
  1162 | D:2      | Learned a level 1 spell: Summon Small Mammal
  1807 | D:2      | Identified the +1 leather armour of a sewer {Harm rC+
                  | Regen+}
  2003 | D:2      | Reached skill level 1 in Fighting
  2384 | D:2      | Reached XP level 4. HP: 27/32 MP: 0/0
  2677 | D:3      | Found Fereogg's Weapon Shop.
  3458 | D:3      | Identified the +3 ring mail of the Pink Corner {-Tele
                  | Contam rCorr Int+4}
  3953 | D:4      | Noticed an ogre
  3971 | D:4      | Killed an ogre
  3972 | D:4      | Reached XP level 5. HP: 17/38 MP: 0/0
  3972 | D:4      | Learned a level 2 spell: Call Imp
  4501 | D:4      | Noticed Ijyb
  4548 | D:4      | Killed Ijyb
  4549 | D:4      | Reached XP level 6. HP: 22/43 MP: 0/0
  4795 | D:4      | Noticed Grinder
  4798 | D:4      | Paralysed by Grinder for 2 turns
  4811 | D:4      | Noticed Dowan
  4816 | D:4      | Killed from afar by Grinder

Illustrated notes

Levels and vault maps discovered:
D:1:      matt_arrival_spirals, layout_basic, basic_ecumenical_altar
D:2:      layout_basic, corexii_shack
D:3:      layout_loops_cross, serial_shops, nicolae_shop_hallway_plus
D:4:      layout_loops_corners, led_sif_book, minmay_misc_feat_roman, uniq_ijyb,
          uniq_grinder, uniq_duvessa

Skill      XL: |  1  2  3  4  5 |
---------------+----------------+-----
Stealth        | 2 |  2.8
Fighting       | 1 2 |  2.1
Dodging        | 3 |  3.6
Spellcasting   | 3 |  3.7

Action                   |  1- 3 |  4- 6 || total
-------------------------+-------+-------++-------
Melee: Unarmed           |     3 |     1 ||     4
 Cast: Shock             |    58 |    41 ||    99
       Static Discharge  |       |    23 ||    23
       Swiftness         |       |     2 ||     2
  Use: Scroll            |       |     3 ||     3
Armor: Robe              |     3 |     5 ||     8
Dodge: Dodged            |     9 |    13 ||    22
